 Dungeon Sprint DCSS version 0.22.1-1-ga44c0e56f4 (webtiles) character file.

2162 MuseOD the Unseen (level 9, -4/45 (47) HPs)
             Began as a Spriggan Enchanter on Sept 22, 2018.
             Was a Believer of Dithmenos.
             Slain by a kraken (39 damage)
             ... in the Dungeon (Sprint II: "The Violet Keep of Menkaure").
             The game lasted 00:03:51 (1141 turns).

MuseOD the Unseen (Spriggan Enchanter)              Turns: 1141, Time: 00:03:51

HP:   -4/45 (47)    AC:  5    Str:  4    XL:     9   Next: 10%
MP:   23/25         EV: 18    Int: 19    God:    Dithmenos [**....]
Gold: 863           SH:  0    Dex: 17    Spells: 21/30 levels left

rFire    . . .     SeeInvis +   a - +1 dagger
rCold    . . .     Gourm    .   (shield restricted)
rNeg     . . .     Faith    .   b - +0 robe
rPois    .         Spirit   .   (helmet restricted)
rElec    .         Reflect  .   c - +2 cloak
rCorr    .         Harm     .   (gloves unavailable)
MR       +....     NoTele   +   (boots unavailable)
Stlth    ++++++++..             (no amulet)
HPRegen  0.15/turn              (no ring)
MPRegen  0.19/turn              (no ring)

@: wreathed by umbra, very quick
A: very small, unfitting armour, see invisible, herbivore, speed 3, slow
metabolism 2
a: Shadow Step, Renounce Religion


You were in the Dungeon.
You worshipped Dithmenos.
Dithmenos was pleased with you.
You were not hungry.

You visited 1 branch You collected 990 gold pieces.
You spent 127 gold pieces at shops.

Inventory:

Hand Weapons
 a - a +1 dagger (weapon)
Armour
 b - a +0 robe (worn)
 c - a +2 cloak (worn)
Jewellery
 o - an uncursed ring of protection from magic {unknown}
Wands
 i - a wand of iceblast (5)
Scrolls
 j - a scroll of blinking
 k - 3 scrolls of remove curse {unknown}
 l - 5 scrolls of identify {unknown}
 m - 3 scrolls of fog {unknown}
 n - 2 scrolls of magic mapping {unknown}
 r - a scroll of amnesia {unknown}
Potions
 e - 2 potions of curing
 f - a potion of heal wounds
 g - a potion of haste
 h - 5 potions of magic
 p - 3 potions of resistance {unknown}
 q - 3 potions of flight {unknown}
 s - a potion of lignification {unknown}
 t - 2 potions of brilliance {unknown}
Comestibles
 d - 9 rations


   Skills:
 - Level 5.5 Fighting
 - Level 10.5 Short Blades
 - Level 3.0 Dodging
 + Level 16.7 Stealth
 + Level 11.1 Spellcasting
 + Level 11.3 Hexes


You had 21 spell levels left.
You knew the following spells:

 Your Spells              Type           Power        Failure   Level  Hunger
a - Corona                Hex            ######.      1%          1    None
b - Ensorcelled Hibernat  Hex/Ice        ####..       1%          2    None
c - Confuse               Hex            ######..     1%          3    None
d - Dazzling Spray        Conj/Hex       ####..       1%          3    None

Your spell library contained the following spells:

 Spells                   Type           Power        Failure   Level  Hunger
 Tukima's Dance           Hex            ######..     1%          3    None


Dungeon Overview and Level Annotations

Branches:
Dungeon (1/1)

Altars:
Cheibriados
Dithmenos
Elyvilon
Fedhas
Gozag
Hepliaklqana
Kikubaaqudgha
Makhleb
Nemelex Xobeh
Okawaru
Qazlal
Ru
Sif Muna
Trog
Uskayaw
Vehumet
Wu Jian
Xom
Yredelemnul
Zin
The Shining One
Beogh
Jiyva
Lugonu

Shops:
D :!%=}[(:[?=!}[[}

Annotations:
D exclusions: oklob plant and orange crystal statue


Innate Abilities, Weirdness & Mutations

You are very small and have problems with some larger weapons.
You are too small for most types of armour.
You have supernaturally acute eyesight. (SInv)
You are a herbivore.
You cover ground extremely quickly.
You need to consume almost no food.


Message History

You see here 17 arrows.
You see here 23 sling bullets.
You open the door.
There is an open door, spattered with blood here.
Casting: Confuse (safe; 1% risk of failure)
Confirm with . or Enter, or press ? or * to list all spells.
Aiming: Confuse (safe; 1% risk of failure)
Press: ? - help, Shift-Dir - straight line, f/p - kraken
Aim: a kraken (water, chance to defeat MR: 38%)
The kraken appears confused.
You hit the kraken but do no damage.
No reachable target in view!
No reachable target in view!
The kraken barely misses you.
You hit the kraken but do no damage. You hit the kraken but do no damage.
The kraken bites you!
You hit the kraken but do no damage. You hit the kraken but do no damage.
The kraken bites you!!!
Ouch! That really hurt!
You die...

.##.#:|▓.....)..▓▓
...####▓.(.....(▓▓
#..##.#▓.(...([.▓▓
+..#.)#▓....((..▓▓
#..#..#▓.(...[[.▓▓
#..##(#▓.(......▓▓
##...##▓▓▓▓▓▓▓'▓▓▓▓+▓
.≈≈≈≈≈≈≈≈≈≈≈≈≈...≈≈≈▓
.§#'########+###@X≈≈▓
.≈#_._._...#≈§§##≈≈≈▓
.≈#._._._._#t≈≈§ ###▓
≈≈#_._._._.#§≈≈§
≈§#._._._._#§≈§§
≈≈#.._._._.#≈≈§≈
≈≈#..._._._#≈t§≈
§§#...._._.#§§
≈≈#....._..#§§


You could see a kraken (confused).

Vanquished Creatures
  A merfolk siren (D)
  A yaktaur (D)
  A hornet (D)
  2 tyrant leeches (D)
  3 polar bears (D)
  Menkaure (D)
  4 necrophages (D)
  A scorpion (D)
  3 worms (D)
17 creatures vanquished.

Vanquished Creatures (others)
  A crocodile (D)
  4 tentacles (D)
5 creatures vanquished.

Grand Total: 22 creatures vanquished

Notes
Turn   | Place    | Note
-------+----------+-------------------------------------------
     0 | D        | MuseOD the Spriggan Enchanter began the quest for the Orb.
     0 | D        | Reached XP level 1. HP: 9/9 MP: 5/5
     4 | D        | Noticed a merfolk siren
    14 | D        | Killed a merfolk siren
    14 | D        | Reached skill level 5 in Fighting
    14 | D        | Reached skill level 10 in Short Blades
    14 | D        | Reached skill level 11 in Stealth
    14 | D        | Reached XP level 2. HP: 15/18 MP: 6/6
    14 | D        | Reached XP level 3. HP: 19/23 MP: 8/8
    14 | D        | Reached XP level 4. HP: 22/27 MP: 9/9
    14 | D        | Reached XP level 5. HP: 25/30 MP: 10/10
    14 | D        | Reached XP level 6. HP: 29/35 MP: 11/11
    47 | D        | Learned a level 2 spell: Ensorcelled Hibernation
    51 | D        | Learned a level 3 spell: Confuse
    55 | D        | Learned a level 3 spell: Dazzling Spray
    59 | D        | Noticed a tyrant leech
    59 | D        | Noticed a tyrant leech
   198 | D        | Killed a tyrant leech
   198 | D        | Reached skill level 12 in Stealth
   198 | D        | Reached skill level 5 in Spellcasting
   198 | D        | Reached skill level 5 in Hexes
   198 | D        | Reached XP level 7. HP: 39/39 MP: 0/16
   311 | D        | Killed a tyrant leech
   311 | D        | Reached skill level 13 in Stealth
   346 | D        | Found an iron altar of Okawaru.
   346 | D        | Found an opulent altar of Gozag.
   347 | D        | Found a sparkling altar of Nemelex Xobeh.
   347 | D        | Found a blossoming altar of Fedhas.
   348 | D        | Found a radiant altar of Vehumet.
   348 | D        | Found a burning altar of Makhleb.
   348 | D        | Found a white marble altar of Elyvilon.
   349 | D        | Found a hide-covered altar of Uskayaw.
   349 | D        | Found a corrupted altar of Lugonu.
   349 | D        | Found a shadowy altar of Dithmenos.
   350 | D        | Found a glowing silver altar of Zin.
   350 | D        | Found a bloodstained altar of Trog.
   350 | D        | Found an ancient bone altar of Kikubaaqudgha.
   351 | D        | Found a basalt altar of Yredelemnul.
   351 | D        | Found a deep blue altar of Sif Muna.
   351 | D        | Found a viscous altar of Jiyva.
   352 | D        | Found a shimmering altar of Xom.
   352 | D        | Found a sacrificial altar of Ru.
   353 | D        | Found a glowing golden altar of the Shining One.
   353 | D        | Found an ornate altar of the Wu Jian Council.
   409 | D        | Noticed a yaktaur
   409 | D        | Noticed a hornet
   409 | D        | Noticed a polar bear
   410 | D        | Found a stormy altar of Qazlal.
   411 | D        | Noticed a polar bear
   411 | D        | Noticed a polar bear
   430 | D        | Killed a polar bear
   430 | D        | Reached skill level 14 in Stealth
   434 | D        | Killed a polar bear
   434 | D        | Reached XP level 8. HP: 26/44 MP: 11/21
   438 | D        | Killed a polar bear
   438 | D        | Reached skill level 15 in Stealth
   445 | D        | Killed a yaktaur
   445 | D        | Reached skill level 10 in Hexes
   446 | D        | Killed a hornet
   446 | D        | Reached skill level 16 in Stealth
   446 | D        | Reached skill level 10 in Spellcasting
   455 | D        | Found a snail-covered altar of Cheibriados.
   455 | D        | Found a hazy altar of Hepliaklqana.
   456 | D        | Found a roughly hewn altar of Beogh.
   462 | D        | Became a worshipper of Dithmenos the Shadowed
   579 | D        | Noticed a death drake
   626 | D        | Reached * piety under Dithmenos
   641 | D        | Reached XP level 9. HP: 35/45 MP: 0/24
   648 | D        | Found Seeqaihe's Antique Armour Emporium.
   648 | D        | Found Utuof's Magic Scroll Shoppe.
   648 | D        | Found Miheas's Armour Emporium.
   648 | D        | Found Noyph's Book Shoppe.
   648 | D        | Found Ickeit's Distillery.
   648 | D        | Found Tavu Emo's Antique Weapon Emporium.
   649 | D        | Found Caunnefu's Gadget Shoppe.
   649 | D        | Found Baxu's Jewellery Emporium.
   649 | D        | Found Bohi's Antique Armour Shoppe.
   649 | D        | Found Optoum's Gadget Shoppe.
   649 | D        | Found Oroy's Jewellery Emporium.
   650 | D        | Found Hipp's Food Shoppe.
   650 | D        | Found Dotaozun's Distillery.
   652 | D        | Found Tillef's Gadget Shoppe.
   652 | D        | Found Viteif's Antique Armour Emporium.
   652 | D        | Noticed a spiny frog
   653 | D        | Noticed Menkaure
   653 | D        | Noticed a spiny frog
   653 | D        | Noticed an oklob plant
   654 | D        | Found Miro Xieh's Book Shoppe.
   669 | D        | Noticed a manticore
   674 | D        | Bought an embroidered cloak for 127 gold pieces
   692 | D        | Killed Menkaure
   701 | D        | Reached ** piety under Dithmenos
   725 | D        | Noticed an orange crystal statue
   826 | D        | Noticed a kraken
  1141 | D        | Slain by a kraken

Skill      XL: |  1  2  3  4  5  6  7  8  9 |
---------------+----------------------------+-----
Fighting       | 5 |  5.5
Short Blades   | 10 | 10.5
Stealth        | 11 12 14 16 | 16.7
Spellcasting   | 5 8 10 11 | 11.1
Hexes          | 5 9 11 | 11.3
Dodging        | |  3.0

Action                   |  1- 3 |  4- 6 |  7- 9 || total
-------------------------+-------+-------+-------++-------
Melee: Dagger            |     7 |     1 |    76 ||    84
 Cast: Confuse           |       |     4 |    23 ||    27
       Ensorcelled Hiber |       |     1 |       ||     1
  Use: Potion            |     1 |       |       ||     1
 Stab: Sleeping          |       |     1 |     2 ||     3
       Confused          |       |       |    15 ||    15
Armor: Robe              |       |       |     1 ||     1
Dodge: Dodged            |     4 |     1 |    17 ||    22
